 Dungeon Crawl Stone Soup version 0.30-a0-140-gd1020e658a (webtiles) character file.

Game seed: 10091776178385689761

974 themarg the Magician (level 8, 0/51 HPs)
             Began as a Djinni Fire Elementalist on Sept 24, 2022.
             Slain by a hornet (15 damage)
             ... on level 6 of the Dungeon.
             The game lasted 00:33:51 (7959 turns).

themarg the Magician (Djinni Fire Elementalist)     Turns: 7959, Time: 00:33:52

Health: 0/51       AC:  2    Str:  7    XL:     8   Next: 39%
Gold:   386        EV: 13    Int: 19    God:
                   SH:  0    Dex: 20

rFire   + + .      SeeInvis +    t - +3 dagger (venom)
rCold   x . .      Faith    .    (no shield)
rNeg    . . .      Spirit   .    a - +0 robe
rPois   ∞          Reflect  .    (no helmet)
rElec   .          Harm     .    (no cloak)
rCorr   .          Rampage  .    (no gloves)
Will    .....                    (boots unavailable)
Stlth   +++.......               (no amulet)
HPRegen 0.17/turn                b - +6 ring of dexterity
MPRegen 0.00/turn                u - ring of see invisible

@: flying, very slightly contaminated
A: sickness immunity, fire resistance 2, cold vulnerability 1, float, innate
caster, HP casting, extra vitality 1
a: no special abilities


You were on level 6 of the Dungeon.
You visited 1 branch of the dungeon, and saw 6 of its levels.

You collected 386 gold pieces.

Inventory:

Hand Weapons
 t - a +3 dagger of venom (weapon)
 w - a +2 vampiric dagger
Missiles
 e - 4 silver boomerangs
 i - 3 atropa-tipped darts
Armour
 a - a +0 robe (worn)
Jewellery
 b - a +6 ring of dexterity (left hand)
 p - a +6 ring of dexterity
 u - a ring of see invisible (right hand)
 y - a ring of protection from cold
Scrolls
 c - a scroll of brand weapon {unknown}
 d - a scroll of silence
 f - a scroll of identify
 g - a scroll of poison
 k - a scroll of vulnerability
 m - 2 scrolls of fear {unknown}
 o - 3 scrolls of enchant weapon
 s - 2 scrolls of enchant armour
 v - a scroll of immolation {unknown}
 x - 2 scrolls of teleportation {unknown}
Potions
 h - a potion of degeneration {unknown}
 j - 2 potions of mutation
 l - a potion of resistance {unknown}
 n - 5 potions of curing
 r - a potion of lignification {unknown}
 z - 2 potions of attraction {unknown}
 A - a potion of brilliance {unknown}
 B - a potion of ambrosia {unknown}


   Skills:
 + Level 0.7 Fighting
 + Level 2.4 Dodging
 - Level 3.0 Stealth
 + Level 7.0 Spellcasting


You had 2 spell levels left.
You knew the following spells:

 Your Spells              Type           Power      Damage    Failure   Level
a - Foxfire               Conj/Fire      100%       2x1d9     1%          1
b - Scorch                Fire           66%        2d8       1%          2
c - Kindle Blastsparks    Fire/Tloc/Air  66%        2d15      1%          3
d - Inner Flame           Hex/Fire       33%        N/A       1%          3
e - Flame Wave            Conj/Fire      33%        2d10      5%          4
f - Beastly Appendage     Tmut           66%        N/A       1%          1
g - Passwall              Tmut/Erth      27%        N/A       1%          2
h - Summon Guardian Gole  Hex/Summ       33%        N/A       1%          3
Your spell library was empty.

Dungeon Overview and Level Annotations

Branches:
Dungeon (6/15)
 Temple: D:4-7

Altars:
Gozag
The Shining One

Shops:
D:1 (

Annotations:
D:3 2 runed translucent doors, Terence
D:4 exclusion: ogre


Innate Abilities, Weirdness & Mutations

You are immune to sickness and miasma.
You are immune to poison.
Your flesh is very heat resistant. (rF++)
You are vulnerable to cold. (rC-)
You float through the air rather than walking.
You learn spells naturally, not from books.
Your magical power is your life essence.
You have superior vitality. (+4 MHP)


Message History

g - Guard the area. f - Follow me.
Anything else - Cancel.
Guard this area!
Casting: Summon Guardian Golem (safe; 1% risk of failure)
Confirm with . or Enter, or press ? or * to list all spells.
Casting: Flame Wave (dangerous; 5% risk of failure)
Press: ? - help, Dir - look around, f - activate Really fire at your guardian golem?
You miscast Flame Wave.
You are very lightly contaminated with residual magic.
Nothing appears to happen.
The hornet stings you!
Casting: Flame Wave (dangerous; 5% risk of failure)
Confirm with . or Enter, or press ? or * to list all spells.
Casting: Flame Wave (dangerous; 5% risk of failure)
Press: ? - help, Dir - look around, f - activate Really fire at your guardian golem?
A wave of flame ripples out!
The flame wave engulfs the hornet!
The hornet is moderately wounded.
The flame wave engulfs your guardian golem.
Your guardian golem resists.
Your guardian golem is lightly damaged. (Press . to intensify the flame waves.)
Your guardian golem disappears in a puff of smoke!
You hear an angry hiss.
You hear a shout!
You hear a loud, deep croak!
You hear a shout! x2; You hear an angry hiss.
The hornet barely misses you. The hornet stings you!
A wave of flame ripples out!
The flame wave engulfs the hornet.
The hornet is heavily wounded.
The flame wave engulfs the kobold!
You kill the kobold!
You hear a shout!
The hornet stings you.
A wave of flame ripples out!
The flame wave engulfs the hornet!
The hornet is severely wounded.
You feel a bit more experienced.
* * * LOW HITPOINT WARNING * * *
You finish channelling waves of flame.
You hear an angry hiss.
You hear a shout!
The hornet stings you!
You die...

#...>........
..........#..
............#
#.......l...##
#............
#..........####.
#...............
#......§.#
##....y@##
#........$..g
####)###
#.....l....g.
#§# $...........
.y# ..l......g
.... . #..l....#
...K.
...##.......##
KK$....
..(.......?..#


KK...... #..<.....# ##........ ########## You could see a hornet and an iguana.

Vanquished Creatures
  2 ice beasts (D:5)
  A necrophage (D:5)
  3 scorpions
  3 wights (D:5)
  2 hounds
  A jelly (D:4)
  3 iguanas
  2 orc wizards (D:5)
  8 adders
  3 worms
  A dart slug (D:3)
  7 orcs
  8 ball pythons
  9 endoplasms
  2 giant cockroaches
  4 goblins
  6 hobgoblins
  15 jackals
  4 quokkas
  5 bats
  2 frilled lizards
  7 kobolds
  7 rats
105 creatures vanquished.

Vanquished Creatures (others)
  277 foxfires
  11 toadstools (D:6)
288 creatures vanquished.

Grand Total: 393 creatures vanquished

Notes
Turn   | Place    | Note
-------+----------+-------------------------------------------
     0 | D:1      | themarg the Djinni Fire Elementalist began the quest for
                  | the Orb.
     0 | D:1      | themarg set off with the following spells memorised:
                  | Foxfire, Scorch, Kindle Blastsparks, Inner Flame, Flame
                  | Wave.
     0 | D:1      | Reached XP level 1. HP: 15/15 MP: 0/0
   623 | D:1      | Reached XP level 2. HP: 19/21 MP: 0/0
  1141 | D:1      | Found a faded altar of an unknown god.
  1219 | D:1      | Reached XP level 3. HP: 21/25 MP: 0/0
  1219 | D:1      | Learned a level 1 spell: Beastly Appendage
  1437 | D:1      | Found Fuqolechoi's Weapon Emporium.
  2187 | D:2      | Reached skill level 3 in Spellcasting
  3036 | D:2      | Reached XP level 4. HP: 28/31 MP: 0/0
  3436 | D:3      | Noticed Terence
  3550 | D:3      | Found a glowing golden altar of the Shining One.
  4084 | D:3      | Found a large runed translucent door.
  4117 | D:3      | Found a large runed translucent door.
  4405 | D:4      | Reached XP level 5. HP: 27/35 MP: 0/0
  4405 | D:4      | Learned a level 2 spell: Passwall
  4751 | D:4      | Reached skill level 4 in Spellcasting
  4879 | D:4      | Reached XP level 6. HP: 19/40 MP: 0/0
  5557 | D:4      | Found an opulent altar of Gozag.
  5596 | D:4      | Noticed an ogre
  6106 | D:5      | Entered Level 5 of the Dungeon
  6144 | D:5      | Reached skill level 5 in Spellcasting
  6144 | D:5      | Reached XP level 7. HP: 40/45 MP: 0/0
  6144 | D:5      | Learned a level 3 spell: Summon Guardian Golem
  6547 | D:5      | Reached skill level 6 in Spellcasting
  6790 | D:5      | Reached XP level 8. HP: 48/50 MP: 0/0
  6853 | D:5      | HP: 2/50 [ice beast (19)]
  7489 | D:5      | Reached skill level 7 in Spellcasting
  7949 | D:6      | Noticed a hornet
  7959 | D:6      | Slain by a hornet

Illustrated notes

Levels and vault maps discovered:
D:1:      giann_forest_graveyard, layout_basic,
          hellmonk_ecumenical_altar_dog_temple, serial_shops,
          nicolae_shop_bloodbath_and_beyond
D:2:      layout_loops_corners, grunt_ministairs_3
D:3:      layout_basic, jmf_multi_god_temple2,
          mainiacjoe_overflow_small_starburst, uniq_terence
D:4:      layout_layer_cave, nicolae_gozag_seed_capital
D:5:      layout_cave_pools, serial_glass, glass_columns_b, glass_columns_c
D:6:      cheibrodos_fertilizer, layout_rooms

Skill      XL: |  1  2  3  4  5  6  7  8 |
---------------+-------------------------+-----
Stealth        | 2 3 |  3.0
Spellcasting   | 3 4 5 6 7 |  7.0
Fighting       | |  0.7
Dodging        | |  2.4

Action                   |  1- 3 |  4- 6 |  7- 9 || total
-------------------------+-------+-------+-------++-------
Melee: Dagger            |     4 |     5 |       ||     9
       Unarmed           |     1 |       |       ||     1
 Cast: Foxfire           |    56 |    78 |    63 ||   197
       Scorch            |    14 |    33 |    13 ||    60
       Summon Guardian G |       |       |     5 ||     5
       Flame Wave        |       |       |     2 ||     2
  Use: Scroll            |       |       |    10 ||    10
Armor: Robe              |     1 |     6 |     1 ||     8
Dodge: Dodged            |    20 |    11 |     3 ||    34

Table legend: (Time is in decaauts)
 A = Elapsed time spent in this place.
 B = Non-inter-level travel time spent in this place.
 C = Inter-level travel time spent in this place.
 D = Time resting spent in this place.
 E = Time spent auto-exploring this place.
 F = Levels seen in this place.
 G = Mean time per level.
                   A        B        C        D        E       F      G
               +--------+--------+--------+--------+--------+-----+--------+
         Total |   7955 |   7842 |    113 |   3123 |   3685 |   6 | 1325.8 |
       Dungeon |   7955 |   7842 |    113 |   3123 |   3685 |   6 | 1325.8 |
               +--------+--------+--------+--------+--------+-----+--------+

Top non-repeatable levels by time:
     D:4: 2283 daAuts
     D:1: 1859 daAuts
     D:2: 1414 daAuts
     D:5: 1265 daAuts
     D:3: 1109 daAuts
     D:6: 23 daAuts
